 Dungeon Crawl Stone Soup version 0.24-a0-537-g2d01d4ab0a (webtiles) character file.

Game seed: 8834122030075809195

1519 BinkBink the Cudgeler (level 8, 0/86 HPs)
             Began as a Troll Chaos Knight on Aug 15, 2019.
             Was a Plaything of Xom.
             Slain by a wight
             ... wielding a cursed +0 flail
              (1 damage)
             ... on level 6 of the Dungeon.
             The game lasted 00:16:40 (4696 turns).

BinkBink the Cudgeler (Troll Chaos Knight)          Turns: 4696, Time: 00:16:41

Health: 0/86       AC:  9    Str: 24 (26) XL:     8   Next: 54%
Magic:  7/7        EV: 10    Int:  7 (8)  God:    Xom [....*.]
Gold:   216        SH:  0    Dex:  8 (9)  Spells: 7/7 levels left

rFire    . . .     SeeInvis .   h - +0 spear (vamp)
rCold    . . .     Gourm    +   (no shield)
rNeg     . . .     Faith    .   b - +2 robe
rPois    .         Spirit   .   (helmet restricted)
rElec    .         Reflect  .   j - +1 cloak
rCorr    .         Harm     .   (gloves unavailable)
MR       .....                  (boots unavailable)
Stlth    +.........             r - amulet of magic regeneration
HPRegen  0.64/turn              q - ring of stealth
MPRegen  0.35/turn              p - ring of attention

@: mighty, heavily drained
A: large, unfitting armour, claws 3, deformed body, fast metabolism 3, gourmand,
regeneration 1, robust 1, shaggy fur 1, tough skin 3, weak 1
a: Renounce Religion


You were on level 6 of the Dungeon.
You worshipped Xom.
You were a beloved toy of Xom.
You were not hungry.

You visited 1 branch of the dungeon, and saw 6 of its levels.

You collected 216 gold pieces.

Inventory:

Hand Weapons
 a - a +0 mace of chaos
 h - a +0 vampiric spear (weapon)
 o - a cursed -3 mace
Armour
 b - a +2 robe (worn)
 j - a +1 cloak (worn)
 y - a cursed +0 pair of gloves
Magical Staves
 s - an uncursed staff of earth
Jewellery
 m - an uncursed ring of magical power
 p - a ring of attention (right claw)
 q - a ring of stealth (left claw)
 r - an amulet of magic regeneration (around neck)
Wands
 f - a wand of paralysis (8)
Scrolls
 d - 5 scrolls of identify
 g - 3 scrolls of remove curse
 k - a scroll of noise
 n - 4 scrolls of teleportation {unknown}
 u - a scroll of amnesia
Potions
 l - 2 potions of flight
 t - a potion of curing
Comestibles
 c - 9 rations


   Skills:
 + Level 4.7(3.4) Fighting
 + Level 5.3(4.0) Maces & Flails
 + Level 4.2(2.9) Polearms
 + Level 0.3(2.8) Staves
 + Level 4.9(3.6) Dodging
 + Level 1.1(0.0) Stealth


You had 7 spell levels left.
You didn't know any spells.
Your spell library was empty.

Dungeon Overview and Level Annotations

Branches:
Dungeon (6/15)             Temple (0/1) D:4

Altars:
Ashenzari
Elyvilon
Nemelex Xobeh
Xom

Shops:
D:4 [


Innate Abilities, Weirdness & Mutations

You are too large for most types of armour.
You have claws for hands.
Your metabolism is lightning-fast.
You like to eat raw meat.
Your natural rate of healing is unusually fast.
You are covered in fur. (AC +1)
You have extremely tough skin. (AC +3)
Armour fits poorly on your strangely shaped body.
You are robust. (+10% HP)
You are weak. (Str -2)


Message History

Beogh smites you!
* * * LOW HITPOINT WARNING * * *
You puncture the orc priest!
You kill the orc priest!
You barely miss the wight. The wight closely misses you.
The wight hits you but does no damage.
You hit the wight but do no damage.
The wight hits you from afar with a +0 spear.
* * * LOW HITPOINT WARNING * * *
You feel drained. The wight barely misses you.
You hit the wight.
The wight is moderately damaged.
You hear Xom's avuncular chuckle.
The wight seems to speed up.
You are now a beloved toy of Xom.
The wight hits you from afar with a +0 spear!
* * * LOW HITPOINT WARNING * * *
The wight hits you with a cursed +0 flail.
You die...
Xom is highly amused!

#...# .#
#...# #)#
#####...# ..#
o...........#
........#...#
o...........#
#. #z#
##...####z#
......)ยง@<#
....####### #


You could see 2 wights.

Vanquished Creatures
  Grinder (D:4)
  A human (D:5)
  3 phantoms
  A centaur (D:4)
  A bullfrog (D:5)
  2 scorpions
  3 wights (D:6)
  A crimson imp (D:5)
  A bullfrog zombie (D:5)
  An orc priest (D:6)
  3 orc wizards
  An iguana (D:4)
  3 worker ants
  A hound skeleton (D:4)
  Robin (D:4)
  6 adders
  An ooze (D:4)
  3 worms
  3 dart slugs
  5 leopard geckos
  12 orcs
  6 giant cockroaches
  19 goblins
  7 hobgoblins
  A jackal (D:1)
  14 kobolds
  2 quokkas
  A ball python zombie (D:5)
  11 bats
  3 frilled lizards
  A jackal skeleton (D:5)
  8 rats
127 creatures vanquished.

Vanquished Creatures (collateral kills)
  An ogre (D:4)
  3 orcs (D:4)
  A quokka (D:4)
5 creatures vanquished.

Grand Total: 132 creatures vanquished

Notes
Turn   | Place    | Note
-------+----------+-------------------------------------------
     0 | D:1      | BinkBink the Troll Chaos Knight began the quest for the
                  | Orb.
     0 | D:1      | Reached XP level 1. HP: 22/22 MP: 0/0
   244 | D:1      | Reached XP level 2. HP: 29/29 MP: 1/1
   250 | D:1      | Reached skill level 3 in Maces & Flails
   358 | D:1      | Reached XP level 3. HP: 36/36 MP: 2/2
  1116 | D:2      | Reached XP level 4. HP: 37/44 MP: 3/3
  1576 | D:2      | XOM: harmless Hex miscast
  1816 | D:3      | Reached skill level 4 in Maces & Flails
  2033 | D:3      | Reached XP level 5. HP: 53/53 MP: 4/4
  2265 | D:3      | XOM: give mutation
  2265 | D:3      | Gained mutation: Armour fits poorly on your strangely
                  | shaped body. [Xom's mischief]
  2450 | D:4      | Noticed a phantom
  2459 | D:4      | XOM: blink monster(s)
  2460 | D:4      | XOM: confusion
  2489 | D:4      | XOM: give mutations
  2489 | D:4      | Gained mutation: You are weak. (Str -2) [Xom's mischief]
  2489 | D:4      | Gained mutation: You occasionally shout uncontrollably at
                  | your foes. [Xom's mischief]
  2489 | D:4      | Gained mutation: You are robust. (+10% HP) [Xom's mischief]
  2489 | D:4      | Lost mutation: You occasionally shout uncontrollably at
                  | your foes. [Xom's mischief]
  2496 | D:4      | Killed a phantom
  2496 | D:4      | Reached XP level 6. HP: 55/67 MP: 5/5
  2520 | D:4      | XOM: god gift: 18 arrows
  2564 | D:4      | Found a staircase to the Ecumenical Temple.
  2567 | D:4      | Noticed Robin
  2686 | D:4      | XOM: enchant monster (good)
  2714 | D:4      | Killed Robin
  2729 | D:4      | XOM: divination: detect creatures
  2814 | D:4      | Noticed Grinder
  2833 | D:4      | XOM: harmless Tmut miscast
  2855 | D:4      | XOM: divination: magic mapping
  2856 | D:4      | XOM: potion effect (brilliance)
  2962 | D:4      | Paralysed by Grinder for 6 turns
  2971 | D:4      | Paralysed by Grinder for 3 turns
  2990 | D:4      | Paralysed by Grinder for 4 turns
  2993 | D:4      | XOM: harmless Conj miscast
  2997 | D:4      | XOM: noise
  2999 | D:4      | Killed Grinder
  2999 | D:4      | Reached skill level 5 in Maces & Flails
  2999 | D:4      | Reached skill level 1 in Polearms
  2999 | D:4      | Reached XP level 7. HP: 35/74 MP: 6/6
  3113 | D:4      | XOM: harmless Pois miscast
  3136 | D:4      | XOM: potion effect (might)
  3205 | D:4      | Found Vekhlu Xeiro's Antique Armour Emporium.
  3252 | D:4      | XOM: cast spell 'Summon Small Mammal'
  3253 | D:4      | XOM: divination: detect items
  3256 | D:4      | XOM: noise
  3259 | D:4      | XOM: divination: magic mapping
  3322 | D:4      | XOM: divination: detect creatures
  3326 | D:4      | XOM: summons 2 friendly demons
  3796 | D:5      | Entered Level 5 of the Dungeon
  3861 | D:5      | XOM: 8-stop teleportation journey
  3862 | D:5      | XOM: god gift: curved glowing staff {god gift}
  3866 | D:5      | XOM: polymorph ogre -> bullfrog
  3885 | D:5      | XOM: confuse monster(s)
  3887 | D:5      | XOM: cast spell 'Alistair's Intoxication'
  3900 | D:5      | XOM: enchant monster (good)
  3904 | D:5      | XOM: potion effect (haste)
  3914 | D:5      | XOM: summons 3 hostile demons
  4065 | D:5      | XOM: harmless Air miscast
  4109 | D:5      | XOM: polymorph centaur -> worm
  4119 | D:5      | XOM: cleaving
  4178 | D:5      | Reached XP level 8. HP: 63/85 MP: 7/7
  4196 | D:5      | Found a white marble altar of Elyvilon.
  4198 | D:5      | Found a sparkling altar of Nemelex Xobeh.
  4198 | D:5      | Found a shattered altar of Ashenzari.
  4283 | D:5      | Reached skill level 1 in Stealth
  4411 | D:5      | XOM is BORED!
  4501 | D:5      | XOM: polymorph ice beast -> human
  4503 | D:5      | XOM: scenery: create altars
  4528 | D:5      | XOM: swap monsters
  4631 | D:6      | XOM: harmless Chrm miscast
  4664 | D:6      | XOM: repel stairs
  4685 | D:6      | XOM: chaos cloud
  4696 | D:6      | XOM: enchant monster (bad)
  4696 | D:6      | HP: 1/86 [wight/+0 spear (7)]
  4696 | D:6      | Slain by a wight

Levels and vault maps discovered:
D:1:      dpeg_arrival_pond, layout_basic, minmay_octomino_j4
D:2:      layout_loops_ring
D:3:      layout_basic, first_ration, serial_park_tiny_2, grunt_ministairs_8,
          minmay_misc_feat_room, minmay_misc_feat_ornament,
          kennysheep_generic_room_16
D:4:      layout_layer_cave, minmay_temple_entry_statues, serial_shops,
          nicolae_shop_stone, uniq_robin, uniq_grinder
D:5:      layout_rooms, grunt_temple_overflow_diamond, grunt_ministairs_12
D:6:      kennysheep_six_static_rooms, layout_loops_ring, feat_on_display

Skill      XL: |  1  2  3  4  5  6  7  8 |
---------------+-------------------------+-----
Dodging        | 2 3 4 |  4.9
Maces & Flails | 3 4 5 |  5.3
Fighting       | 3 4 |  4.7
Polearms       | 1 2 4 |  4.2
Stealth        | 1 |  1.1
Staves         | |  0.3

Action                   |  1- 3 |  4- 6 |  7- 9 || total
-------------------------+-------+-------+-------++-------
Melee: Mace              |   128 |   209 |       ||   337
       Spear             |       |    58 |   360 ||   418
       Staff             |       |       |    24 ||    24
  Use: Potion            |       |     7 |     7 ||    14
       Scroll            |       |     6 |       ||     6
 Stab: Paralysed         |     1 |       |       ||     1
       Sleeping          |       |     2 |     1 ||     3
  Eat: Chunk             |     3 |    17 |     3 ||    23
       Ration            |     1 |     1 |     4 ||     6
Armor: Robe              |    78 |   150 |   165 ||   393
       Skin              |       |       |    19 ||    19
Dodge: Dodged            |    92 |   160 |   211 ||   463

Table legend:
 A = Non-vault XP
 B = Vault XP
 C = Vault XP percentage of total XP
 D = Non-vault monster count
 E = Vault monster count
 F = Vault count percentage of total count
                 A         B        C        D         E       F
            +---------+---------+-------+---------+---------+-------
      Total |    1788 |     382 |  17.6 |     114 |      18 |  13.6
            +---------+---------+-------+---------+---------+-------
        D:1 |      44 |       4 |   8.3 |      26 |       2 |   7.1
        D:2 |      77 |       0 |   0.0 |      21 |       0 |   0.0
        D:3 |     129 |       4 |   3.0 |      30 |       2 |   6.2
        D:4 |     511 |     324 |  38.8 |      19 |      13 |  40.6
        D:5 |     731 |      50 |   6.4 |      12 |       1 |   7.7
        D:6 |     296 |       0 |   0.0 |       6 |       0 |   0.0
            +---------+---------+-------+---------+---------+-------
